Map: 2000 Atmosphären LE

Players

K.I.-1 (Sehr leicht) - Winner!

  • Race: Protoss Protoss

Luca

  • Race: Terran Terran
  • League: Master

VOD

Have the link to the VOD?

Description

Time

  • Played on: March 28, 2022, 9:44 a.m.
  • Length: 11:54
Show
View Real Time Build Order
Export as new Build Order

K.I.-1 (Sehr leicht) Protoss - Winner!

Build Orders:  

Get SALT Encoding   

  12  0:00  Probe  
  13  0:13  Probe  
  14  0:19  Pylon  
  14  0:36  Assimilator  
  14  0:42  Gateway  
  14  0:45  Pylon  
  14  1:14  Assimilator  
  14  1:17  Probe  
  14  1:25  Probe  
  15  1:31  Cybernetics Core  
  16  1:33  Probe  
  17  1:43  Probe  
  18  1:55  Probe  
  18  1:56  Warp Gate  
  18  1:57  Stalker  
  19  2:08  Probe  
  22  5:17  Zealot  
  22  5:19  Probe  
  22  5:20  Pylon  
  25  5:21  Robotics Facility  
  25  5:28  Probe  
  26  5:36  Probe  
  27  5:45  Probe  
  28  5:53  Pylon  
  26  5:57  Probe  
  27  6:09  Zealot, Probe  
  27  6:10  Observer  
  31  6:31  Observer  
  32  6:59  Nexus  
  32  7:00  Stalker  
  34  8:09  Probe  
  35  8:17  Probe  
  35  8:19  Assimilator  
  36  8:21  Assimilator, Probe  
  37  8:29  Probe  
  38  8:36  Probe  
  39  8:47  Probe  
  40  8:54  Probe  
  41  9:01  Probe  
  42  9:06  Probe  
  43  9:16  Probe  
  44  9:19  Probe  
  45  9:26  Probe  
  46  9:37  Probe  
  47  9:41  Probe  
  48  10:32  Warp Prism  
  48  10:34  Stalker  
  48  10:35  Gateway  
  52  10:39  Robotics Bay  
  52  10:42  Stargate  
  52  10:47  Pylon  
  52  10:56  Warp Prism  
  52  10:57  Sentry  
  50  11:21  Zealot  
  50  11:24  Gateway  
  52  11:28  Observer  
  53  11:45  Stalker  
Show
View Real Time Build Order
Export as new Build Order

Luca Terran 

Build Orders: Gas First Reaper Expand 

Get SALT Encoding   

  12  0:01  SCV  
  13  0:13  SCV  
  14  0:17  Supply Depot  
  14  0:25  SCV  
  15  0:29  Refinery  
  15  0:38  SCV  
  16  0:45  Barracks  
  16  0:50  SCV  
  17  1:03  SCV  
  18  1:16  SCV  
  19  1:32  Reaper  
  20  1:33  Orbital Command  
  20  1:46  Command Center  
  20  1:55  Supply Depot  
  20  1:59  SCV  
  21  2:04  Factory  
  21  2:08  Marine  
  21  2:11  SCV  
  23  2:20  Bunker  
  23  2:23  SCV  
  24  2:31  Barracks Reactor  
  24  2:34  Barracks  
  24  2:36  SCV  
  25  2:45  Refinery  
  25  2:48  SCV  
  26  2:52  Factory Tech Lab  
  26  2:58  Orbital Command  
  26  3:01  SCV  
  27  3:07  Marine x2  
  27  3:11  Cyclone  
  32  3:13  SCV  
  33  3:21  Barracks Tech Lab  
  33  3:24  SCV  
  33  3:25  SCV  
  33  3:26  Marine x2  
  37  3:34  Supply Depot  
  37  3:36  SCV  
  37  3:37  SCV  
  37  3:41  Marauder, Stimpack  
  41  3:47  Marine x2  
  41  3:48  SCV  
  44  3:49  SCV  
  47  3:56  Widow Mine  
  47  3:59  Supply Depot  
  47  4:00  SCV  
  49  4:02  SCV  
  49  4:03  Engineering Bay  
  49  4:07  Marauder  
  49  4:08  Marine x2  
  53  4:12  SCV  
  53  4:16  Supply Depot  
  54  4:20  SCV  
  54  4:24  SCV, Widow Mine  
  58  4:32  SCV  
  59  4:39  SCV  
  59  4:41  Command Center  
  59  4:44  SCV  
  61  4:46  Marine, Supply Depot  
  61  4:47  Marine  
  61  4:50  Marauder  
  65  4:56  Factory Reactor  
  65  4:57  Starport  
  65  4:58  SCV  
  65  4:59  SCV  
  67  5:07  Marine x2  
  67  5:10  Supply Depot, SCV  
  67  5:11  Marauder, SCV  
  73  5:21  Barracks, Terran Infantry Weapons Level 1  
  73  5:22  SCV, Combat Shield  
  73  5:26  SCV, Refinery  
  75  5:28  Marine x2  
  75  5:32  Supply Depot  
  75  5:34  SCV  
  78  5:38  Marauder  
  78  5:41  SCV  
  81  5:46  Marine x2  
  83  5:51  SCV  
  83  5:52  Orbital Command  
  83  5:54  Medivac x2, SCV  
  83  5:56  Widow Mine  
  91  6:02  Supply Depot  
  91  6:03  Marauder, SCV  
  94  6:04  Marine x2  
  94  6:06  SCV  
  94  6:09  Missile Turret  
  97  6:12  Missile Turret  
  97  6:13  Concussive Shells  
  97  6:14  Marauder  
  97  6:16  Orbital Command  
  97  6:17  SCV  
  100  6:22  Marine x2  
  100  6:23  Widow Mine  
  100  6:24  Marauder  
  100  6:25  Medivac  
  108  6:30  SCV, Medivac  
  111  6:33  SCV  
  111  6:38  Supply Depot, Refinery  
  112  6:41  Marauder, Supply Depot  
  112  6:42  SCV  
  112  6:43  SCV  
  112  6:45  SCV  
  117  6:54  Barracks  
  117  6:56  Barracks  
  117  6:59  Marine x2, SCV x2  
  117  7:00  Marauder, Widow Mine  
  125  7:03  Marauder, Medivac  
  125  7:04  Supply Depot  
  125  7:06  Supply Depot, SCV  
  130  7:09  Missile Turret  
  130  7:14  SCV  
  131  7:15  Terran Infantry Armor Level 1, SCV  
  131  7:17  Marine  
  131  7:22  Refinery  
  133  7:23  Refinery  
  133  7:26  Marauder x2, Widow Mine, Marine, SCV  
  133  7:28  SCV x2  
  143  7:31  Medivac  
  143  7:35  Marine, Supply Depot  
  143  7:37  Supply Depot  
  146  7:42  Barracks Tech Lab  
  146  7:43  Barracks Reactor  
  146  7:44  Marine  
  147  7:45  Starport  
  147  7:49  Missile Turret  
  147  7:51  Supply Depot  
  147  7:53  Command Center  
  147  7:55  Marauder  
  149  7:59  Marauder, Marine  
  149  8:00  Marine  
  149  8:04  Supply Depot  
  153  8:09  Viking x2  
  157  8:14  Factory Reactor  
  157  8:15  SCV x3  
  157  8:17  Marauder, Supply Depot  
  162  8:20  Ghost Academy, Marine  
  162  8:21  Marine  
  162  8:24  Marauder  
  162  8:25  Marauder  
  168  8:28  Marine  
  168  8:29  Marine  
  168  8:32  Supply Depot  
  170  8:38  Marauder, Marine x2  
  170  8:40  Fusion Core  
  174  8:46  Marauder x2, Marine  
  174  8:48  Viking x2  
  183  8:55  Viking  
  183  8:56  Viking  
  183  8:57  Marine x2  
  183  8:59  Marauder, Enhanced Shockwaves  
  191  9:06  SCV x3  
  194  9:11  Refinery  
  194  9:12  Refinery  
  194  9:13  Ghost x2  
  198  9:18  Barracks  
  198  9:21  Ghost, Barracks  
  198  9:26  Barracks  
  188  9:31  Marine x3  
  188  9:32  Marine  
  188  9:38  Planetary Fortress  
  192  9:41  Ghost, Missile Turret  
  192  9:42  Marine  
  195  9:47  Missile Turret  
  195  9:49  Liberator  
  198  9:57  Liberator x2  
  193  10:04  Liberator  
  193  10:14  Ghost  
  193  10:15  Barracks Tech Lab  
  193  10:16  Barracks Tech Lab  
  195  10:30  Ghost  
  195  10:31  Liberator  
  195  10:32  Barracks Reactor  
  195  10:41  Liberator  
  195  10:42  Liberator  
  197  10:48  Armory  
  197  10:50  Engineering Bay  
  197  10:59  Liberator  
  198  11:04  Command Center  
  198  11:06  Command Center  
  198  11:11  Command Center  
  198  11:13  Command Center  
  198  11:15  Command Center  
  198  11:21  Barracks x2  
  198  11:35  Starport  
  198  11:36  Starport  
  198  11:37  Starport  
Tags
 
Add a new tag
Caveats
  • Supply blocks, unpowered buildings, or Contaminate may cause inaccurate times.
  • Supply counts are checked every 10 seconds.